 Dungeon Crawl Stone Soup version 0.29.1-15-g9cfb28693d (webtiles) character file.

Game seed: 1537098178853003728

4 H0rd4k the Charlatan (level 1, -2/13 HPs)
             Began as an Octopode Artificer on Mar 27, 2023.
             Frozen to death by an endoplasm (5 damage)
             ... on level 1 of the Dungeon.
             The game lasted 00:00:13 (142 turns).

H0rd4k the Charlatan (Octopode Artificer)            Turns: 142, Time: 00:00:13

Health: -2/13      AC:  1    Str: 11    XL:     1   Next: 60%
Magic:  1/1        EV: 13    Int: 13    God:
Gold:   0          SH:  0    Dex: 12    Spells: 1/1 levels left

rFire   . . .      SeeInvis .   (no weapon)
rCold   . . .      Faith    .   (no shield)
rNeg    . . .      Spirit   .   (helmet restricted)
rPois   .          Reflect  .   (no amulet)
rElec   .          Harm     .   (no ring)
rCorr   .          Rampage  .   (no ring)
Will    .....                   (no ring)
Stlth   +++.......              (no ring)
HPRegen 0.04/turn               (no ring)
MPRegen 0.07/turn               (no ring)
                                (no ring)
                                (no ring)

@: no status effects
A: almost no armour, amphibious, 8 rings, camouflage 1, gelatinous body 1,
(nimble swimmer 1), tentacles
a: no special abilities


You were on level 1 of the Dungeon.
You visited 1 branch of the dungeon, and saw 1 of its levels.

Inventory:

Wands
 b - a wand of flame (15) (quivered)
 c - a wand of charming (15)
 d - a wand of iceblast (5)


   Skills:
 * Level 1.2 Fighting
 - Level 2.3 Dodging
 - Level 1.3 Stealth
 * Level 0.6 Spellcasting
 - Level 3.2 Evocations


You had one spell level left.
You didn't know any spells.
Your spell library was empty.

Dungeon Overview and Level Annotations

Branches:
Dungeon (1/15)

Altars:


Innate Abilities, Weirdness & Mutations

You cannot wear most types of armour.
You are amphibious.
You can wear up to eight rings at the same time.
Your skin changes colour to match your surroundings (Stealth+).
Your rubbery body absorbs attacks. (AC +1, EV +1)
((You are camouflaged when in or above water. (Stealth+)))
You have tentacles for arms and can constrict up to eight enemies at once.


Message History

No target in view!
You see here a bat corpse.
Found a dagger.
No target in view!
An endoplasm comes into view.
A hobgoblin comes into view.
There are monsters nearby!
The hobgoblin shouts!
The endoplasm quivers.
There are monsters nearby!
The endoplasm hits you.
There are monsters nearby!
You tentacle-slap the endoplasm but do no damage.
The endoplasm hits you.
There are monsters nearby!
You tentacle-slap the endoplasm.
The endoplasm is moderately wounded.
The endoplasm hits you.
There are monsters nearby!
There are monsters nearby!
You tentacle-slap the endoplasm.
The endoplasm is moderately wounded.
The endoplasm freezes you.
You are frozen.
You tentacle-slap the endoplasm but do no damage.
You squeeze the endoplasm.
The endoplasm is severely wounded.
The endoplasm freezes you.
You are frozen.
* * * LOW HITPOINT WARNING * * *
The hobgoblin closely misses you.
You barely miss the endoplasm.
The endoplasm is severely wounded.
The hobgoblin closely misses you. The endoplasm closely misses you.
You tentacle-slap the endoplasm.
The endoplasm is almost dead.
The hobgoblin closely misses you. The endoplasm freezes you.
You are frozen.
You die...

.....# ...##
.............
#...........# .
#...........##.# .##.
###...#...#....... ....
......... ....... .....
....#..##......#
.....####..#...@J.#
..#........#..#g..##
..............$....#
...........#..#....#
...#..##.##.#..#....#
...#..##.####..#......
...#....†.........##..#
...#..##.###...##.# ..#
...#.............


You could see an endoplasm and a hobgoblin.

Vanquished Creatures
  A bat (D:1)
  An endoplasm (D:1)
  A ball python (D:1)
  A rat (D:1)
4 creatures vanquished.

Notes
Turn   | Place    | Note
-------+----------+-------------------------------------------
     0 | D:1      | H0rd4k the Octopode Artificer began the quest for the Orb.
     0 | D:1      | Reached XP level 1. HP: 13/13 MP: 1/1
   142 | D:1      | Frozen to death by an endoplasm

Illustrated notes

Levels and vault maps discovered:
D:1:      wheals_arrival_linesprint, layout_basic, minmay_distorted

Action                   || total
-------------------------++-------
Melee: Unarmed           ||    20
       Constrict         ||     4
       Tentacles         ||     4
 Stab: Sleeping          ||     1
Armor: Skin              ||     5
Dodge: Dodged            ||    14
